 Dungeon Crawl Stone Soup version 0.24-a0-520-g8fd06ad0bc (webtiles) character file.

Game seed: 14618881664962415979

193 xccam the Slasher (level 5, 0/22 HPs)
             Began as a Vampire Gladiator on July 24, 2019.
             Slain by Edmund
             ... wielding a +5 dire flail of crushing
              (1 damage)
             ... on level 4 of the Dungeon.
             The game lasted 00:07:08 (2590 turns).

xccam the Slasher (Vampire Gladiator)               Turns: 2590, Time: 00:07:08

Health: 0/22       AC:  9    Str: 13    XL:     5   Next: 44%
Magic:  5/5        EV: 16    Int: 10    God:
Gold:   138        SH:  0    Dex: 22    Spells: 4/4 levels left

rFire    . . .     SeeInvis +   a - +0 long sword
rCold    + + .     Gourm    .   (no shield)
rNeg     + + +     Faith    .   o - +0 scale mail
rPois    ∞         Spirit   .   c - +0 helmet
rElec    .         Reflect  .   r - +0 cloak
rCorr    .         Harm     .   (no gloves)
MR       .....                  l - +0 pair of boots (curse)
Stlth    +++++.....             (no amulet)
HPRegen  0.00/turn              (no ring)
MPRegen  0.09/turn              (no ring)

@: agile, bloodless, regenerating quickly
A: no food, fangs 3, see invisible, [frail 2], unbreathing
a: Bat Form, Revivify


You were on level 4 of the Dungeon.
You were bloodless.

You visited 1 branch of the dungeon, and saw 4 of its levels.

You collected 138 gold pieces.

Inventory:

Hand Weapons
 a - a +0 long sword (weapon)
Missiles
 b - 2 boomerangs
 d - 3 throwing nets (quivered)
Armour
 c - a +0 helmet (worn)
 l - a cursed +0 pair of boots (worn)
 o - a +0 scale mail (worn)
 r - a +0 cloak (worn)
Wands
 q - a wand of iceblast (4)
Scrolls
 e - 2 scrolls of amnesia
 i - 2 scrolls of remove curse
 k - 2 scrolls of enchant armour {unknown}
 m - a scroll of fog {unknown}
 s - a scroll of magic mapping {unknown}
 u - a scroll of blinking {unknown}
Potions
 f - 4 potions of flight
 h - 2 potions of agility
 j - 2 potions of curing
 n - a potion of magic
 p - a potion of haste {unknown}
 t - a potion of ambrosia


   Skills:
 - Level 1.7 Fighting
 * Level 5.3 Long Blades
 - Level 1.5 Throwing
 - Level 3.2 Dodging
 + Level 4.6 Stealth


You had 4 spell levels left.
You didn't know any spells.
Your spell library was empty.

Dungeon Overview and Level Annotations

Branches:
Dungeon (4/15)
 Temple: D:4-7

Altars:

Annotations:
D:4 Edmund


Innate Abilities, Weirdness & Mutations

You do not eat.
You do not regenerate when monsters are visible.
You are frail without blood (-20% HP).
You are immune to poison.
You have razor-sharp teeth.
You have supernaturally acute eyesight. (SInv)
You can survive without breathing.
[You are very frail. (-20% HP)]


Message History

Edmund closely misses you.
You riposte.
You hit Edmund.
Edmund is heavily wounded.
You barely miss Edmund.
Edmund is heavily wounded.
Edmund closely misses you.
You hit Edmund but do no damage.
Edmund is heavily wounded.
Edmund misses you.
You completely miss Edmund.
Edmund is heavily wounded.
Edmund hits you with a +5 dire flail of crushing.
* * * LOW HITPOINT WARNING * * *
x2 Your scale mail prevents you from hitting Edmund.
Edmund is heavily wounded.
Edmund barely misses you.
You slash Edmund!
Edmund is severely wounded.
Edmund hits you with a +5 dire flail of crushing.
* * * LOW HITPOINT WARNING * * *
You die...

#.#. #######.. #.#.
#........ #.#.
#######........ #.#.
#................%# .#.
#.................###.#.
#......$........>.....#.
######@..##...........#.
#.@.##..........##.
#...##..........##.
#...##..>.......##.
###...##..........##.
#.........###.######.
#.........# #.######.
#.........# #........
#.).......# #########
#.........#


You could see Edmund.

Vanquished Creatures
  An orc priest (D:3)
  6 adders
  An ooze (D:2)
  3 worms
  A dart slug (D:1)
  A leopard gecko (D:2)
  8 orcs (D:3)
  10 bats
  5 giant cockroaches
  5 goblins
  10 hobgoblins
  10 jackals
  3 quokkas (D:3)
  6 frilled lizards
  6 kobolds
  10 rats
86 creatures vanquished.

Notes
Turn   | Place    | Note
-------+----------+-------------------------------------------
     0 | D:1      | xccam the Vampire Gladiator began the quest for the Orb.
     0 | D:1      | Reached XP level 1. HP: 16/16 MP: 1/1
    60 | D:1      | Reached skill level 1 in Stealth
   138 | D:1      | Reached XP level 2. HP: 22/22 MP: 2/2
   654 | D:1      | Reached XP level 3. HP: 27/27 MP: 3/3
   897 | D:2      | Reached skill level 4 in Long Blades
  1179 | D:2      | Reached XP level 4. HP: 26/26 MP: 4/4
  2113 | D:3      | Reached skill level 5 in Long Blades
  2117 | D:3      | Reached XP level 5. HP: 22/22 MP: 5/5
  2557 | D:4      | Noticed Edmund
  2590 | D:4      | HP: 1/22 [Edmund/+5 dire flail of crushing (3)]
  2590 | D:4      | Slain by Edmund

Levels and vault maps discovered:
D:1:      psy_arrival_fountain, layout_basic, minmay_tiny_reverse_x
D:2:      layout_basic
D:3:      layout_basic
D:4:      layout_basic, serial_shops, shop, shop, uniq_edmund

Skill      XL: |  1  2  3  4 |
---------------+-------------+-----
Stealth        | 1 2 3 4 |  4.6
Long Blades    | 4 5 |  5.3
Fighting       | |  1.7
Throwing       | |  1.5
Dodging        | |  3.2

Action                   |  1- 3 |  4- 6 || total
-------------------------+-------+-------++-------
Melee: Long sword        |   105 |   130 ||   235
       Bite              |    12 |    28 ||    40
 Abil: Exsanguinate      |     2 |     1 ||     3
       Revivify          |     2 |       ||     2
  Use: Scroll            |     5 |     4 ||     9
       Potion            |       |     3 ||     3
 Stab: Sleeping          |     3 |    13 ||    16
Armor: Leather armour    |    20 |       ||    20
       Scale mail        |    31 |    54 ||    85
Dodge: Dodged            |    87 |    70 ||   157
       Rpst.: Long sword |    32 |    24 ||    56

Table legend:
 A = Non-vault XP
 B = Vault XP
 C = Vault XP percentage of total XP
 D = Non-vault monster count
 E = Vault monster count
 F = Vault count percentage of total count
                 A         B        C        D         E       F
            +---------+---------+-------+---------+---------+-------
      Total |     274 |       3 |   1.1 |      84 |       2 |   2.3
            +---------+---------+-------+---------+---------+-------
        D:1 |      44 |       3 |   6.4 |      25 |       2 |   7.4
        D:2 |      92 |       0 |   0.0 |      30 |       0 |   0.0
        D:3 |     138 |       0 |   0.0 |      29 |       0 |   0.0
            +---------+---------+-------+---------+---------+-------
